 Dungeon Crawl Stone Soup version 0.20.1-1-g8b1a95d (webtiles) character file.

141 Irenicus the Slasher (level 5, 0/54 HPs)
             Began as an Octopode Chaos Knight on Oct 13, 2017.
             Slain by Grinder (3 damage)
             ... on level 3 of the Dungeon.
             The game lasted 00:03:10 (1657 turns).

Irenicus the Slasher (Octopode Chaos Knight)        Turns: 1657, Time: 00:03:11

Health: 0/54       AC: 22    Str: 11    XL:     5   Next: 24%
Magic:  5/5        EV:  2    Int: 15    God:    Xom [.*....]
Gold:   168        SH:  0    Dex: 17    Spells: 4/4 levels left

rFire    . . .     SeeInvis .   a - +0 falchion (chaos)
rCold    . . .     Gourm    .   (no shield)
rNeg     + + +     Faith    .   (helmet currently unavailable)
rPois    +         Spirit   .   (no amulet)
rElec    .         Reflect  .   j - ring of wizardry
rCorr    .         Harm     .   (no ring)
MR       .....     NoTele   +   (no ring)
Stlth    +++.......             (no ring)
Regen    0.2/turn               (no ring)
MPRegen  0.1/turn               (no ring)
                                (no ring)
                                (no ring)

@: agile, tree-form
A: almost no armour, stealthy swim, (amphibious), 8 rings, (constrict 8)
a: Renounce Religion


You were on level 3 of the Dungeon.
You worshipped Xom.
You were a plaything of Xom.
You were not hungry.
You were a tree.
You visited 1 branch of the dungeon, and saw 3 of its levels.

You collected 168 gold pieces.

Inventory:

Hand Weapons
 a - a +0 falchion of chaos (weapon)
Jewellery
 j - a ring of wizardry (left branch)
Scrolls
 e - a scroll of enchant armour {unknown}
 l - a scroll of teleportation {unknown}
 m - a scroll of identify
Potions
 c - a potion of heal wounds {unknown}
 d - 2 potions of lignification
 f - a potion of curing
 g - a potion of agility
 h - a potion of might {unknown}
 i - a potion of invisibility {unknown}
Comestibles
 b - 2 bread rations
 k - a chunk of flesh


   Skills:
 - Level 3.0 Fighting
 + Level 5.7 Long Blades
 - Level 2.3 Dodging


You had 4 spell levels left.
You didn't know any spells.

Dungeon Overview and Level Annotations

Branches:
Dungeon (3/15)

Altars:

Annotations:
D:3 Grinder, Jessica


Innate Abilities, Weirdness & Mutations

You cannot wear most types of armour.
You are very stealthy in the water. (Stealth+)
((You are amphibious.))
You can wear up to eight rings at the same time.
((You can use your tentacles to constrict eight enemies at once.))
((Your skin changes colour to match your surroundings (Stealth+).))
((Your rubbery body absorbs attacks. (AC +1, EV +1)))


Message History

Grinder is nearby!
Grinder gestures at you.
You suddenly lose the ability to move!
Grinder gestures at you. Pain shoots through your body!
You emit a cloud of colourful smoke!
Grinder hits you!
* * * LOW HITPOINT WARNING * * *
Grinder hits you!
* * * LOW HITPOINT WARNING * * *
You can move again.
It was a potion of lignification.
You turn into a tree.
Your roots penetrate the ground.
Xom thinks this is hilarious!
Grinder hits you but does no damage.
It was a potion of agility.
You feel agile all of a sudden. Grinder hits you.
You die...
Xom giggles madly!

.....#####.##.#.# #.#
..............#.# #.#
.......###.####.# #.######!
...........# #.# ### #........
.....#####.# #.# ##.## #..###.#.
.....# #.# #.###...###........
.###.### #.####.##.....###.###.#.
.......###.....§5.......##.####..
....)..........§♣#.....###.#.....
.......#.....##§.##.<......#.≈≈≈≈
.................###.#####.#.≈≈@≈
.......#.....###.# #.#####.#.≈≈≈≈
.......#.....# #.# #.##......≈≈≈≈
.......###.### #.# #.##.##.#.≈≈≈≈
...........# #.# #.## #.#.....
############ #.# ... ..#.≈≈≈≈ ..
... ####.≈≈≈≈


You could see Grinder.

Vanquished Creatures
  A hound (D:3)
  Natasha (D:2)
  4 adders (D:2)
  3 worms
  2 dart slugs (D:1)
  2 leopard geckos
  6 bats
  A giant cockroach (D:1)
  5 hobgoblins
  3 kobolds
  7 frilled lizards
  A goblin (D:1)
  8 rats
44 creatures vanquished.

Notes
Turn   | Place    | Note
-------+----------+-------------------------------------------
     0 | D:1      | Irenicus the Octopode Chaos Knight began the quest for the Orb.
     0 | D:1      | Reached XP level 1. HP: 16/16 MP: 1/1
    72 | D:1      | Reached XP level 2. HP: 10/21 MP: 2/2
   225 | D:1      | XOM: divination: detect items
   402 | D:1      | XOM: butterfly on damage
   467 | D:1      | HP: 1/21 [kobold/vampiric short sword (6)]
   469 | D:1      | Reached skill level 4 in Long Blades
   515 | D:1      | XOM: mild Chrm miscast
   522 | D:1      | Reached XP level 3. HP: 4/26 MP: 3/3
   656 | D:1      | XOM: cloud trail
   904 | D:2      | XOM: mild Conj miscast
  1069 | D:2      | Reached XP level 4. HP: 16/31 MP: 4/4
  1160 | D:2      | XOM: 1-stop teleportation journey
  1185 | D:2      | Noticed Natasha
  1191 | D:2      | Killed Natasha
  1191 | D:2      | Reached skill level 5 in Long Blades
  1344 | D:3      | Noticed Grinder
  1345 | D:3      | XOM: enchant monster (good)
  1502 | D:3      | Noticed Jessica
  1598 | D:3      | Reached XP level 5. HP: 25/36 MP: 5/5
  1650 | D:3      | Paralysed by Grinder for 6 turns
  1652 | D:3      | XOM: smoke on damage
  1657 | D:3      | Slain by Grinder

Skill      XL: |  1  2  3  4 |
---------------+-------------+-----
Long Blades    | 4 5 |  5.7
Fighting       | |  3.0
Dodging        | |  2.3

Action                   |  1- 3 |  4- 6 || total
-------------------------+-------+-------++-------
Melee: Falchion          |    62 |    31 ||    93
       Constrict         |    17 |     8 ||    25
       Tentacles         |    10 |     8 ||    18
  Use: Scroll            |       |     2 ||     2
       Potion            |       |     2 ||     2
 Stab: Sleeping          |     4 |     3 ||     7
  Eat: Chunk             |       |     2 ||     2
Armor: Skin              |    12 |     3 ||    15
Dodge: Dodged            |    37 |    16 ||    53
       Rpst.: Falchion   |    10 |     5 ||    15
